 Dungeon Crawl Stone Soup version 0.18.1-50-g88ac8fd (console) character file.

65142 Kloppie the Fencer (level 14, -26/127 HPs)
             Began as a Centaur Berserker on Sept 25, 2016.
             Was a High Priest of Trog.
             Killed from afar by a Hell Sentinel (77 damage)
             ... with an iron shot
             ... on level 1 of the Abyss.
             The game lasted 00:45:44 (26974 turns).

Kloppie the Fencer (Centaur Berserker)             Turns: 26974, Time: 00:45:45

Health: -26/127    AC: 26    Str: 25      XL:     14   Next: 74%
Magic:  4/4        EV:  2    Int:  3 (6)  God:    Trog [*****.]
Gold:   1529       SH:  2    Dex: 11      Spells: 0 memorised, 13 levels left

rFire  + . .     SeeInvis .     b - +5 double sword (antimagic)
rCold  + + .     Gourm    .     i - +2 ring mail {rPois}
rNeg   . . .     Faith    .     (no shield)
rPois  +         Spirit   .     m - +2 helmet
rElec  .         Dismiss  .     z - +2 cloak
rCorr  .         Reflect  +     B - +1 pair of gloves
SustAt .         Harm     .     q - +0 centaur barding {Stlth+}
MR     +....                    K - amulet "Isouq" {Reflect rC++ MR- Str+2 SH+2}
Stlth  ++........               I - ring of protection from magic
                                f - ring of protection from fire

@: very slightly contaminated, very quick, somewhat resistant to hostile
enchantments, unstealthy
A: hooves 3, molten scales 1, blurry vision 2, deformed body, speed 2, tough
skin 3
a: Berserk, Trog's Hand, Brothers in Arms, Burn Spellbooks, Renounce Religion


You were on level 1 of the Abyss.
You worshipped Trog.
Trog was extremely pleased with you.
You were not hungry.

You visited 3 branches of the dungeon, and saw 23 of its levels.
You visited the Abyss 1 time.
You also visited: Labyrinth and Sewer.

You collected 1529 gold pieces.

Inventory:

Hand Weapons
 a - a +2 scimitar of flaming
 b - a +5 antimagic double sword (weapon)
 e - a +1 falchion of holy wrath
Armour
 i - a +2 ring mail of poison resistance (worn)
 m - a +2 helmet (worn)
 o - a fire dragon hide
 q - a +0 centaur barding of stealth (worn)
 z - a +2 cloak (worn)
 B - a +1 pair of gloves (worn)
Jewellery
 f - a ring of protection from fire (left hand)
 p - an uncursed ring of resist corrosion
 y - an uncursed ring of poison resistance
 I - a ring of protection from magic (right hand)
 K - the amulet "Isouq" (around neck) {Reflect rC++ MR- Str+2 SH+2}
   (You found it in a labyrinth)

   [amulet of reflection]

   It shields you and reflects attacks.
   It affects your strength (+2).
   It greatly protects you from cold.
   It affects your resistance to hostile enchantments.
   It affects your SH (+2).
Scrolls
 d - a scroll of enchant armour
 g - 5 scrolls of identify
 j - 14 scrolls of remove curse
 n - 4 scrolls of enchant weapon
 s - 2 scrolls of blinking
 u - 4 scrolls of fear
 w - 5 scrolls of teleportation
 A - 2 scrolls of fog
 D - 7 scrolls of recharging
 L - 3 scrolls of magic mapping
 N - a scroll of torment {unknown}
Potions
 h - 4 potions of agility
 k - 2 potions of heal wounds
 l - 14 potions of curing
 r - a potion of resistance
 t - 4 potions of might
 v - 5 potions of haste
 C - a potion of flight
 H - a potion of ambrosia
 J - 2 potions of brilliance
 R - 3 potions of cure mutation
Books
 E - a book of Summonings

   Spells                             Type                      Level
   a - Recall                         Summoning/Translocation      3
   b - Aura of Abjuration             Summoning                    5
   c - Summon Demon                   Summoning                    5
   d - Summon Forest                  Summoning/Translocation      5
   e - Summon Mana Viper              Hexes/Summoning              5
   f - Shadow Creatures               Summoning                    6
   Trog disapproves of the use of such an item.
 F - a book of Cantrips

   Spells                             Type                      Level
   a - Corona                         Hexes                        1
   b - Animate Skeleton               Necromancy                   1
   c - Summon Small Mammal            Summoning                    1
   d - Apportation                    Translocation                1
   Trog disapproves of the use of such an item.
Comestibles
 c - 15 bread rations
 x - 10 fruits
 G - 7 beef jerkies
 S - 3 meat rations


   Skills:
 - Level 12.9 Fighting
 + Level 16.4 Long Blades
 + Level 10.9 Armour
 - Level 1.3 Dodging


You had 13 spell levels left.
You didn't know any spells.

Dungeon Overview and Level Annotations

Branches:
Dungeon (15/15)            Temple (0/1) D:5            Lair (7/8) D:10
  Swamp (0/4) Lair:4        Snake (0/4) Lair:5          Orc (1/2) D:12
 Vaults (0/5) D:14         Depths (0/5) D:15
  Slime: Lair:6-8

Altars:
Ashenzari
Elyvilon
Fedhas
Gozag
Makhleb
Pakellas
Qazlal
Xom
The Shining One


Innate Abilities, Weirdness & Mutations

You have hooves in place of feet.
Armour fits poorly on your strangely shaped body.
You cover ground very quickly.
You have extremely tough skin (AC +3).
You are partially covered in molten scales (AC +1).
[Scrolls take you longer to read.]


Message History

The chaos spawn howls!
Found a gateway leading out of the Abyss.
Press: ? - help, v - describe, . - travel
Here: a Hell Sentinel A gateway leading out of the Abyss.
You are struck by the Hell Sentinel's spines.
You hit the Hell Sentinel.
The Hell Sentinel's magic leaks into the air.
The Hell Sentinel is lightly wounded.
The Hell Sentinel hits you.
The Hell Sentinel hits you but does no damage.
The Hell Sentinel gestures at you. The iron shot hits you!
Ouch! That really hurt!
* * * LOW HITPOINT WARNING * * *
There is a gateway leading out of the Abyss here.
The Hell Sentinel gestures at you. The iron shot hits you!
Ouch! That really hurt!
You die...

#...#####...## ## ##...
#......#.
###.##....#.#.......
....#.##..#.......#
#.....#. #.#.# .###
#.##..# ....###.#
##....#...3≈*.....
#....#.3.#≈.......
##@1.....*.......§.
#.............##.#...#*.
###..#.#......#.###.##
## #.##.##..# ## #.
...#### .....≈≈ #....≈≈#
...#≈...


You could see a Hell Sentinel, a wretched star (wandering) and a chaos spawn.

Vanquished Creatures
  Kirke (Lair:7)
  Agnes (D:14)
  A fire dragon (D:14)
  A minotaur (Lab)
  Josephine (D:13)
  Erica (D:9)
  2 centaur warriors
  8 hydras
  A death yak (Lair:7)
  A storm dragon zombie (D:15)
  A thrashing horror (Abyss:1)
  Urug (Lair:4)
  A flayed ghost (D:15)
  3 unseen horrors
  7 hill giants
  A deep elf mage (D:14)
  3 necromancers
  2 cyclopes
  An ugly thing (D:13)
  2 manticores
  20 elephants
  A centaur zombie (D:14)
  5 black mambas
  4 gargoyles
  Joseph (D:7)
  14 spiny frogs
  A rime drake (Lair:4)
  A kobold demonologist (D:11)
  6 komodo dragons
  A guardian mummy (D:15)
  A polar bear (Lair:2)
  A merfolk (D:11)
  5 trolls
  A slime creature (D:12)
  5 blink frogs
  Sigmund (D:2)
  A boulder beetle (Lair:7)
  A wyvern (D:12)
  7 wraiths
  A ynoxinul (Abyss:1)
  4 yaks
  4 hippogriffs
  2 large abominations (Abyss:1)
  4 basilisks
  A hungry ghost (D:14)
  Eustachio (D:6)
  A steam dragon (D:14)
  A mottled dragon (D:14)
  4 vampire mosquitoes
  A neqoxec (Abyss:1)
  Menkaure (D:7)
  A warg (Orc:1)
  2 soldier ants (D:13)
  8 water moccasins
  17 porcupines
  A small abomination (Abyss:1)
  A black bear (D:9)
  9 orc warriors
  12 ice beasts
  3 sky beasts
  2 phantoms
  8 ogres
  2 elephant zombies (Lair:3)
  An eye of draining (D:14)
  18 crocodiles
  3 wolves (Lair:4)
  8 centaurs
  A komodo dragon zombie (Lair:3)
  A big kobold (D:9)
  16 giant frogs
  A gnoll sergeant (D:11)
  5 scorpions
  14 killer bees
  8 electric eels
  11 wights
  2 giant frog zombies
  11 crimson imps
  A quasit (D:7)
  4 orc priests
  4 jellies
  2 centaur skeletons
  A gnoll shaman (D:6)
  4 hounds
  A giant frog skeleton (D:10)
  11 iguanas
  11 orc wizards
  14 worker ants
  10 sheep
  2 crocodile zombies (Lair:3)
  A worker ant zombie (D:5)
  Robin (D:3)
  17 gnolls
  13 adders
  A howler monkey skeleton (D:9)
  42 river rats
  7 shadow imps
  An ooze (D:4)
  An adder zombie (D:7)
  2 adder skeletons (D:7)
  A worm (D:2)
  3 dart slugs
  2 giant geckos
  69 orcs
  5 giant cockroaches
  25 goblins
  16 hobgoblins
  23 jackals
  18 kobolds
  2 quokkas
  6 ball pythons
  11 bats
  A giant gecko skeleton (D:4)
  13 giant newts
  4 hobgoblin zombies (D:7)
  A kobold skeleton (D:7)
  A kobold zombie (D:7)
  An orc skeleton (D:7)
  An orc zombie (D:7)
  25 rats
  A plant (Sewer)
688 creatures vanquished.

Vanquished Creatures (collateral kills)
  A rakshasa (D:12)
  3 death yaks (Lair:7)
  A slime creature (D:12)
  A spiny frog (Lair:1)
  3 komodo dragons (Lair:1)
  3 yaks (Lair:7)
  A jelly (D:12)
  A fungus (Lair:7)
14 creatures vanquished.

Vanquished Creatures (others)
  4 humans (Lair:7)
  A lightning spire (D:5)
  2 bushes
  4 fungi
  5 plants
  10 starspawn tentacles (Abyss:1)
  122 starspawn tentacle segments (Abyss:1)
148 creatures vanquished.

Grand Total: 850 creatures vanquished

Notes
Turn   | Place    | Note
--------------------------------------------------------------
     0 | D:1      | Kloppie the Centaur Berserker began the quest for the Orb.
     0 | D:1      | Reached XP level 1. HP: 19/19 MP: 1/1
   326 | D:1      | Reached XP level 2. HP: 23/26 MP: 2/2
   491 | D:2      | Reached skill level 3 in Long Blades
  1012 | D:2      | Reached XP level 3. HP: 31/31 MP: 3/3
  1511 | D:2      | Found an opulent altar of Gozag.
  1579 | D:2      | Reached ** piety under Trog
  1579 | D:2      | Reached XP level 4. HP: 28/40 MP: 4/4
  1674 | D:2      | Noticed Sigmund
  1727 | D:2      | Killed Sigmund
  1727 | D:2      | Reached skill level 5 in Fighting
  1727 | D:2      | Reached skill level 4 in Long Blades
  1727 | D:2      | Reached XP level 5. HP: 24/48 MP: 5/5
  2013 | D:2      | Found a white marble altar of Elyvilon.
  2176 | D:3      | Reached XP level 6. HP: 38/56 MP: 6/6
  2278 | D:3      | Found a glowing drain.
  2304 | Sewer    | Entered a sewer
  3320 | D:3      | Reached *** piety under Trog
  3320 | D:3      | Reached skill level 5 in Long Blades
  3557 | D:3      | Found a shattered altar of Ashenzari.
  3643 | D:3      | Found a faded altar to an unknown god.
  3899 | D:3      | You fall through a shaft for 2 floors!
  3899 | D:5      | Entered Level 5 of the Dungeon
  3916 | D:4      | Reached XP level 7. HP: 63/63 MP: 7/7
  3978 | D:4      | Found a blossoming altar of Fedhas.
  4328 | D:3      | Noticed Robin
  4347 | D:3      | Killed Robin
  4549 | D:4      | Reached skill level 6 in Long Blades
  4619 | D:4      | Reached **** piety under Trog
  5110 | D:5      | Reached XP level 8. HP: 53/73 MP: 8/8
  5247 | D:5      | Found a staircase to the Ecumenical Temple.
  5378 | D:5      | Found an oddly glowing altar of Pakellas.
  5379 | D:5      | Noticed a sphinx
  5390 | D:5      | Found a burning altar of Makhleb.
  5391 | D:5      | Found a shimmering altar of Xom.
  5400 | D:5      | Paralysed by a crimson imp for 6 turns
  5550 | D:6      | Found a shattered altar of Ashenzari.
  5569 | D:6      | Reached skill level 7 in Long Blades
  6070 | D:6      | Noticed Eustachio
  6089 | D:6      | Killed Eustachio
  6394 | D:6      | Reached ***** piety under Trog
  6988 | D:7      | Reached skill level 8 in Long Blades
  7017 | D:7      | Noticed Joseph
  7017 | D:7      | Reached XP level 9. HP: 64/82 MP: 9/9
  7192 | D:7      | Found a glowing golden altar of the Shining One.
  7389 | D:7      | Killed Joseph
  7469 | D:7      | Noticed Menkaure
  7477 | D:7      | Killed Menkaure
  7703 | D:8      | Reached skill level 9 in Long Blades
  7822 | D:8      | Received a gift from Trog
  7955 | D:8      | Reached skill level 10 in Fighting
  8330 | D:9      | Found a stormy altar of Qazlal.
  8384 | D:9      | Identified a -2 rod of clouds (14/14) (You found it on level 9 of the Dungeon)
  8671 | D:9      | Found a burning altar of Makhleb.
  8906 | D:9      | Noticed Erica
  8919 | D:9      | Killed Erica
  8919 | D:9      | Reached XP level 10. HP: 85/94 MP: 10/10
  8990 | D:9      | Reached skill level 10 in Long Blades
  9083 | D:10     | Entered Level 10 of the Dungeon
  9318 | D:10     | Noticed a hill giant
  9332 | D:10     | Killed a hill giant
  9545 | D:10     | Found a staircase to the Lair.
  9802 | Lair:1   | Entered Level 1 of the Lair of Beasts
  9815 | Lair:1   | Noticed a six-headed hydra
  9826 | Lair:1   | Killed a one-headed hydra
 10200 | Lair:1   | Noticed a spiny frog
 10208 | Lair:1   | Killed a spiny frog
 10425 | Lair:1   | Noticed a spiny frog
 10432 | Lair:1   | Killed a spiny frog
 10432 | Lair:1   | Reached skill level 11 in Long Blades
 10512 | Lair:1   | Noticed a spiny frog
 10531 | Lair:1   | Killed a spiny frog
 11053 | Lair:1   | Reached XP level 11. HP: 73/102 MP: 11/11
 11482 | Lair:2   | Found a frozen archway.
 12024 | Lair:2   | Reached skill level 5 in Armour
 13083 | Lair:1   | Reached skill level 12 in Long Blades
 14709 | Lair:3   | Noticed a necromancer
 14720 | Lair:3   | Killed a necromancer
 14720 | Lair:3   | Reached XP level 12. HP: 112/112 MP: 12/12
 15116 | Lair:4   | Found a labyrinth entrance.
 15122 | Lab      | Entered a labyrinth
 15447 | Lab      | Noticed a minotaur
 15450 | Lab      | Killed a minotaur
 15464 | Lab      | Got a brightly glowing silver amulet
 15464 | Lab      | Identified the Tome of Limitation
 15470 | Lair:4   | Identified the amulet "Isouq" {Reflect rC++ MR- Str+2 SH+2} (You found it in a labyrinth)
 15477 | Lair:4   | Noticed Urug
 15480 | Lair:4   | Noticed a six-headed hydra
 15576 | Lair:3   | Killed a two-headed hydra
 15576 | Lair:3   | Reached skill level 13 in Long Blades
 15917 | Lair:4   | Killed Urug
 16630 | Lair:4   | Noticed a five-headed hydra
 16636 | Lair:4   | Killed a two-headed hydra
 17306 | Lair:4   | Found a staircase to the Swamp.
 17892 | Lair:5   | Found a staircase to the Snake Pit.
 18158 | Lair:5   | Reached skill level 14 in Long Blades
 18712 | Lair:6   | Reached ****** piety under Trog
 18712 | Lair:6   | Reached XP level 13. HP: 66/119 MP: 13/13
 19086 | Lair:6   | Received a gift from Trog
 19477 | Lair:6   | Identified a scroll of acquirement
 19921 | Lair:7   | Noticed Kirke
 19940 | Lair:7   | Killed Kirke
 21195 | Lair:7   | Reached skill level 15 in Long Blades
 21805 | Lair:1   | Identified a +4 rod of ignition (12/12) (You took it off a minotaur in a labyrinth)
 21905 | D:11     | Received a gift from Trog
 23055 | D:12     | Reached XP level 14. HP: 94/127 MP: 4/14
 23069 | D:12     | Found a staircase to the Orcish Mines.
 23925 | D:13     | Noticed Josephine
 23941 | D:13     | Killed Josephine
 23941 | D:13     | Reached skill level 10 in Armour
 24346 | D:13     | Received a gift from Trog
 24899 | D:14     | Reached skill level 16 in Long Blades
 25090 | D:14     | Found a gate to the Vaults.
 25175 | D:14     | Noticed Agnes
 25202 | D:14     | HP: 8/190 [Agnes/lajatang of electrocution (8)]
 25203 | D:14     | Killed Agnes
 25961 | D:15     | Entered Level 15 of the Dungeon
 25967 | D:15     | Found a staircase to the Depths.
 26259 | Orc:1    | Entered Level 1 of the Orcish Mines
 26514 | Orc:1    | Cast into level 1 of the Abyss (orc wizard)
 26595 | Abyss:1  | Gained mutation: You are partially covered in molten scales (AC +1). [a neqoxec]
 26699 | Abyss:1  | Paralysed by you for 7 turns
 26868 | Abyss:1  | Noticed a purple draconian scorcher
 26868 | Abyss:1  | Noticed a tentacled starspawn
 26873 | Abyss:1  | Noticed a tentacled starspawn
 26918 | Abyss:1  | Noticed a tentacled starspawn
 26966 | Abyss:1  | Noticed a Hell Sentinel
 26974 | Abyss:1  | Killed from afar by a Hell Sentinel

Skill      XL: |  1  2  3  4  5  6  7  8  9 10 11 12 13 14 |
---------------+-------------------------------------------+-----
Long Blades    | 3 4 5 6 8 9 11 12 14 15 16 | 16.4
Fighting       | 4 5 6 7 8 10 11 12 | 12.9
Armour         | 4 6 7 9 10 | 10.9
Dodging        | |  1.3

Action                   |  1- 3 |  4- 6 |  7- 9 | 10-12 | 13-15 || total
-------------------------+-------+-------+-------+-------+-------++-------
Melee: Falchion          |   105 |   188 |   506 |     1 |       ||   800
       Kick              |    18 |    56 |   117 |   250 |   318 ||   759
       Scimitar          |       |       |       |   735 |   370 ||  1105
       Double sword      |       |       |       |       |   502 ||   502
Invok: Berserk           |     3 |     3 |     7 |     8 |     6 ||    27
       Trog's Hand       |       |     2 |     6 |     9 |     9 ||    26
       Brothers in Arms  |       |       |       |     1 |     3 ||     4
  Use: Scroll            |       |       |    19 |     8 |     7 ||    34
       Potion            |       |       |     1 |       |       ||     1
 Stab: Sleeping          |       |       |       |       |     7 ||     7
  Eat: Chunk             |     5 |     9 |    17 |    27 |    25 ||    83
       Meat ration       |       |       |     1 |     1 |     2 ||     4
       Beef jerky        |       |       |       |     1 |       ||     1
       Bread ration      |       |       |       |     1 |       ||     1
       Royal jelly       |       |       |       |       |     1 ||     1
Armor: Leather armour    |    49 |    52 |    33 |       |       ||   134
       Ring mail         |       |       |   180 |   347 |   568 ||  1095
Dodge: Dodged            |    51 |    75 |   201 |   320 |   244 ||   891
Block: Other             |       |       |       |     8 |    54 ||    62
       Reflection        |       |       |       |       |     2 ||     2
